 Dungeon Crawl Stone Soup version 0.24-a0-346-ge062c78e24 (webtiles) character file.

Game seed: 3648099777019414761

86 MisterOstroum the Sneak (level 4, -6/35 HPs)
             Began as a Human Assassin on May 22, 2019.
             Mangled by an orc priest
             ... wielding a +0 hand axe
              (7 damage)
             ... on level 3 of the Dungeon.
             The game lasted 00:03:25 (2228 turns).

MisterOstroum the Sneak (Human Assassin)            Turns: 2228, Time: 00:03:26

Health: -6/35      AC:  3    Str: 12    XL:     4   Next: 77%
Magic:  4/4        EV: 12    Int: 12    God:
Gold:   143        SH:  0    Dex: 14    Spells: 3/3 levels left

rFire    . . .     SeeInvis .   a - +2 dagger
rCold    . . .     Gourm    .   (no shield)
rNeg     . . .     Faith    .   b - +0 robe
rPois    .         Spirit   .   (no helmet)
rElec    .         Reflect  .   c - +0 cloak
rCorr    .         Harm     .   (no gloves)
MR       .....                  (no boots)
Stlth    +++.......             (no amulet)
HPRegen  0.11/turn              (no ring)
MPRegen  0.09/turn              (no ring)

@: no status effects
A: no striking features
a: no special abilities


You were on level 3 of the Dungeon.
You were not hungry.

You visited 1 branch of the dungeon, and saw 3 of its levels.

You collected 143 gold pieces.

Inventory:

Hand Weapons
 a - a +2 dagger (weapon)
Missiles
 d - 23 poisoned darts
 f - 2 curare-tipped darts
 g - 48 stones (quivered)
 w - 4 boomerangs
Armour
 b - a +0 robe (worn)
 c - a +0 cloak (worn)
 h - a +0 helmet
 m - a +0 helmet
Jewellery
 k - a cursed ring of attention {unknown}
Scrolls
 j - a scroll of blinking {unknown}
 q - 2 scrolls of teleportation {unknown}
 r - 3 scrolls of amnesia {unknown}
 s - 4 scrolls of identify {unknown}
 u - a scroll of remove curse {unknown}
Potions
 i - a potion of heal wounds {unknown}
 l - 2 potions of flight {unknown}
 n - 2 potions of agility {unknown}
 p - a potion of ambrosia {unknown}
 t - a potion of magic {unknown}
 v - a potion of cancellation {unknown}
Comestibles
 e - 8 rations
 o - a chunk of flesh


   Skills:
 + Level 3.1 Fighting
 + Level 3.0 Short Blades
 + Level 3.0 Throwing
 - Level 1.0 Dodging
 - Level 4.0 Stealth


You had 3 spell levels left.
You didn't know any spells.
Your spell library contained the following spells:

 Spells                   Type           Power        Failure   Level  Hunger
 Shock                    Conj/Air       #...         32%         1    ##.....
 Swiftness                Chrm/Air       #.......     45%         2    ###....
 Static Discharge         Conj/Air       #.......     69%         3    ####...
 Airstrike                Air            #.........   97%         4    #####..
 Lightning Bolt           Conj/Air       #.........   100%        5    ######.


Dungeon Overview and Level Annotations

Branches:
Dungeon (3/15)

Altars:
Kikubaaqudgha
Xom


Message History

You hit the orc.
The orc is severely wounded.
An orc priest comes into view. It is wielding a +0 hand axe.
You hit the orc.
You kill the orc!
The orc priest miscasts a cantrip.
Throwing (i - inventory. (/) - cycle)
g - 49 stones (quivered)
Press: ? - help, Shift-Dir - straight line, f - orc
Aim: an orc, wielding a +0 mace and wearing a +0 ring mail (heavily wounded)
You throw a stone.
The stone hits the orc but does no damage.
The orc is heavily wounded.
You hit the orc.
You kill the orc!
You barely miss the orc. The orc hits you but does no damage.
You hit the orc but do no damage. You barely miss the orc.
The orc barely misses you.
You hit the orc.
The orc is moderately wounded.
The orc closely misses you.
You hit the orc.
The orc is severely wounded.
The orc hits you with a +0 hand axe of chopping!
You hit the orc.
You kill the orc!
You hit the orc priest.
The orc priest is lightly wounded.
The orc priest hits you with a +0 hand axe.
You hit the orc priest but do no damage.
The orc priest is lightly wounded.
The orc priest hits you with a +0 hand axe!
You are too injured to fight recklessly!
You are too injured to fight recklessly!
You are too injured to fight recklessly!
You are too injured to fight recklessly!
You are too injured to fight recklessly!
You are too injured to fight recklessly!
You are too injured to fight recklessly!
You are too injured to fight recklessly!
You are too injured to fight recklessly!
You are too injured to fight recklessly!
You are too injured to fight recklessly!
You are too injured to fight recklessly!
You are too injured to fight recklessly!
You are too injured to fight recklessly!
You are too injured to fight recklessly!
You are too injured to fight recklessly!
You are too injured to fight recklessly!
You are too injured to fight recklessly!
You are too injured to fight recklessly!
You are too injured to fight recklessly!
You are too injured to fight recklessly!
You are too injured to fight recklessly!
You are too injured to fight recklessly!
You are too injured to fight recklessly!
You are too injured to fight recklessly!
You are too injured to fight recklessly!
You are too injured to fight recklessly!
You are too injured to fight recklessly!
You are too injured to fight recklessly!
You are too injured to fight recklessly!
You are too injured to fight recklessly!
You are too injured to fight recklessly!
You are too injured to fight recklessly!
You are too injured to fight recklessly!
You are too injured to fight recklessly!
You are too injured to fight recklessly!
You hit the orc priest.
The orc priest is moderately wounded.
The orc priest closely misses you.
You hit the orc priest.
The orc priest is heavily wounded.
You barely miss the orc priest.
The orc priest is heavily wounded.
The orc priest invokes the aid of Beogh against you.
Beogh smites you!
* * * LOW HITPOINT WARNING * * *
You barely miss the orc priest.
The orc priest is heavily wounded.
The orc priest barely misses you.
You hit the orc priest.
The orc priest is heavily wounded.
The orc priest looks braver for a moment.
You hit the orc priest but do no damage.
The orc priest is heavily wounded.
The orc priest hits you with a +0 hand axe.
* * * LOW HITPOINT WARNING * * *
You barely miss the orc priest.
The orc priest is heavily wounded.
You hit the orc priest but do no damage.
The orc priest is heavily wounded.
The orc priest begins to cast a cantrip, but forgets the words!
You hit the orc priest but do no damage.
The orc priest is heavily wounded.
The orc priest invokes the aid of Beogh against you.
You barely resist. You hit the orc priest.
The orc priest is severely wounded.
The orc priest hits you with a +0 hand axe!
You die...

#################
##......)........#
....############.#
##..# #.# #..# #.#
#..# #.# #..# #.#
##..##### #.#
........># #@#
##..####.# #o#
#..# .(. ...#
..... ##.# ..#(#.#
... #..#(#.# <..
####.#.# ... (.. #
#


You could see an orc priest.

Vanquished Creatures
  3 adders
  3 dart slugs
  2 leopard geckos
  5 orcs
  A giant cockroach (D:1)
  A hobgoblin (D:1)
  6 jackals (D:1)
  7 kobolds
  A ball python (D:2)
  6 bats
  A frilled lizard (D:1)
  5 goblins
  6 rats
47 creatures vanquished.

Notes
Turn   | Place    | Note
-------+----------+-------------------------------------------
     0 | D:1      | MisterOstroum the Human Assassin began the quest for the
                  | Orb.
     0 | D:1      | Reached XP level 1. HP: 16/16 MP: 1/1
   187 | D:1      | Reached XP level 2. HP: 22/22 MP: 2/2
   635 | D:1      | Reached XP level 3. HP: 28/28 MP: 3/3
   642 | D:1      | Found a bloodstained altar of Trog.
   644 | D:1      | Found an ancient bone altar of Kikubaaqudgha.
   644 | D:1      | Found a bloodstained altar of Trog.
   646 | D:1      | Found a shimmering altar of Xom.
   646 | D:1      | Found a sacrificial altar of Ru.
   646 | D:1      | Found a hide-covered altar of Uskayaw.
  1480 | D:2      | Reached XP level 4. HP: 29/34 MP: 4/4
  2224 | D:3      | HP: 1/35 [orc priest/+0 hand axe (6)]
  2228 | D:3      | Mangled by an orc priest

Levels and vault maps discovered:
D:1:      minmay_arrival_checkered_box, layout_loops_corners,
          doesnt_xom_only_xom
D:2:      layout_basic
D:3:      layout_basic, first_ration, serial_bayou_pond_e

Skill      XL: |  1  2  3  4 |
---------------+-------------+-----
Fighting       | 3 |  3.1
Short Blades   | 3 |  3.0
Throwing       | 3 |  3.0
Dodging        | |  1.0
Stealth        | |  4.0

Action                   |  1- 3 |  4- 6 || total
-------------------------+-------+-------++-------
Melee: Dagger            |    72 |    55 ||   127
Throw: Dart              |    11 |       ||    11
       Stone             |    65 |    35 ||   100
 Stab: Sleeping          |     1 |       ||     1
  Eat: Chunk             |     2 |     2 ||     4
Armor: Robe              |     9 |     3 ||    12
Dodge: Dodged            |    50 |    33 ||    83

Table legend:
 A = Non-vault XP
 B = Vault XP
 C = Vault XP percentage of total XP
 D = Non-vault monster count
 E = Vault monster count
 F = Vault count percentage of total count
                 A         B        C        D         E       F
            +---------+---------+-------+---------+---------+-------
      Total |     123 |       0 |   0.0 |      47 |       0 |   0.0
            +---------+---------+-------+---------+---------+-------
        D:1 |      45 |       0 |   0.0 |      27 |       0 |   0.0
        D:2 |      33 |       0 |   0.0 |      10 |       0 |   0.0
        D:3 |      45 |       0 |   0.0 |      10 |       0 |   0.0
            +---------+---------+-------+---------+---------+-------
